 Dungeon Crawl Stone Soup version 0.18-a0-1637-g109f206 (webtiles) character file.

212402 SlimShady the Acrobat (level 18, -15/95 HPs)
             Began as a Spriggan Artificer on Mar 26, 2016.
             Was the Champion of Pakellas.
             Demolished by Cigotuvi's Monster (21 damage)
             ... in a wizard's laboratory.
             The game lasted 04:32:44 (46112 turns).

SlimShady the Acrobat (Spriggan Artificer)         Turns: 46112, Time: 04:32:49

Health: -15/95     AC:  8    Str: 20      XL:     18   Next: 24%
Magic:  7/31       EV: 43    Int: 15 (16) God:    Pakellas [******]
Gold:   1581       SH:  0    Dex: 21      Spells: 1 memorised, 15 levels left

rFire  + . .     SeeInvis +     a - +9 dagger (venom)
rCold  . . .     Gourm    .     W - +2 robe of the Fiend {Str+7 SInv}
rNeg   . . .     Faith    .     (shield restricted)
rPois  +         Spirit   .     b - +2 hat
rElec  +         Dismiss  .     x - +2 cloak {rPois}
rCorr  .         Reflect  .     (gloves unavailable)
SustAt .         Harm     .     (boots unavailable)
MR     +++..                    l - amulet of regeneration
Stlth  ++++......               v - +5 ring of evasion
                                m - +5 ring of strength

@: heavily contaminated, glowing, constricted, very quick, extremely resistant
to hostile enchantments, stealthy
A: unfitting armour, repulsion field 1, see invisible, deformed body,
deterioration 1, fire resistance 1, herbivore 3, speed 3, electricity
resistance, slow metabolism 2, subdued magic 1
a: Quick Charge, Device Surge, Renounce Religion
}: 1/15 runes: gossamer


You were in a wizard's laboratory.
You worshipped Pakellas.
Pakellas was exalted by your worship.
You were not hungry.

You visited 7 branches of the dungeon, and saw 28 of its levels.
You also visited: Labyrinth, Sewer, Ossuary and Wizlab.

You collected 2327 gold pieces.
You spent 746 gold pieces at shops.

Inventory:

Hand Weapons
 a - a +9 dagger of venom (weapon)
Armour
 b - a +2 hat (worn)
 x - a +2 cloak of poison resistance (worn)
 D - a +2 shadow dragon armour
 F - a +1 robe of cold resistance
 W - the +2 robe of the Fiend (worn) {Str+7 SInv}
   (You found it on level 9 of the Dungeon)

   It affects your strength (+7).
   It lets you see invisible.
Jewellery
 l - an amulet of regeneration (around neck)
 m - a +5 ring of strength (left hand)
 v - a +5 ring of evasion (right hand)
 z - an uncursed ring of protection from fire
Wands
 d - a wand of enslavement (0/24)
 e - a wand of iceblast (0/15)
 f - a wand of lightning (3/15)
 j - a wand of teleportation (2/9)
 n - a wand of slowing (10/48)
 q - a wand of paralysis (19/24)
 A - a wand of heal wounds (3/9)
 B - a supercharged wand of disintegration (16/36)
 C - a wand of flame (9/48)
 H - a wand of confusion (21/48)
 U - a wand of digging (8/24)
 V - a wand of hasting (4/9)
 X - a wand of slowing (23/48)
 Z - a wand of acid (0/15)
Scrolls
 g - 11 scrolls of remove curse
 o - 4 scrolls of teleportation
 r - 2 scrolls of brand weapon
 u - a scroll of torment
 y - 2 scrolls of vulnerability
 I - 10 scrolls of magic mapping
 S - a scroll of enchant weapon
 T - 2 scrolls of fear
Potions
 c - 2 potions of resistance
 h - a potion of heal wounds
 i - 5 potions of haste
 t - 16 potions of magic
 w - 3 potions of curing
 E - a potion of invisibility
 K - 3 potions of might
 L - 2 potions of brilliance
 M - a potion of berserk rage
 Q - a potion of ambrosia
 R - 3 potions of agility
Miscellaneous
 s - a sack of spiders {used: 4}
 G - a plain deck of changes {the Mercenary}
 O - a lamp of fire
 P - a box of beasts
 Y - a plain deck of changes {the Helm}
Comestibles
 k - 10 royal jellies


   Skills:
 * Level 10.4 Fighting
 - Level 12.8 Short Blades
   Level 0.8 Maces & Flails
 - Level 2.0 Armour
 - Level 22.2 Dodging
 - Level 21.1 Stealth
 * Level 17.4 Evocations


You had 15 spell levels left.
You knew the following spells:

 Your Spells              Type           Power        Failure   Level  Hunger
a - Cure Poison           Pois           #.........   24%         2    ###....


Dungeon Overview and Level Annotations

Branches:
Dungeon (11/15)            Temple (1/1) D:5            Lair (8/8) D:8
 Shoals (0/4) Lair:6       Spider (4/4) Lair:4        Slime (1/6) Lair:7
    Orc (2/2) D:9             Elf (1/3) Orc:2

Altars:
Ashenzari
Cheibriados
Dithmenos
Elyvilon
Fedhas
Gozag
Kikubaaqudgha
Makhleb
Nemelex Xobeh
Okawaru
Pakellas
Qazlal
Ru
Sif Muna
Trog
Vehumet
Xom
Yredelemnul
Zin
The Shining One
Beogh

Shops:
D:6 !   D:8 :   D:9 ?   Orc:2 [*?([


Innate Abilities, Weirdness & Mutations

You are tiny and cannot use many weapons and most armour.
You have supernaturally acute eyesight.
You are a herbivore.
You cover ground extremely quickly.
You need consume almost no food.
You are surrounded by a mild repulsion field (EV +2).
Armour fits poorly on your strangely shaped body.
Your body sometimes deteriorates upon taking damage.
Your flesh is heat resistant.
You are resistant to electric shocks.
Your spells are a little easier to cast, but a little less powerful.


Message History

* * * LOW HITPOINT WARNING * * *
Cigotuvi's Monster constricts you!!
Your redback bites Cigotuvi's Monster.
Your wolf spider hits Cigotuvi's Monster.
Your wolf spider bites Cigotuvi's Monster but does no damage.
Read which item? (? for menu, Esc to quit)
Blink to where?
Press: ? - help, Dir - move target cursor Your attempt to break free from Cigotuvi's Monster fails, but you feel that another attempt might succeed.
As you read the scroll of blinking, it crumbles to dust.
Your redback bites Cigotuvi's Monster but does no damage.
Your wolf spider barely misses Cigotuvi's Monster.
Your wolf spider bites Cigotuvi's Monster but does no damage.
Cigotuvi's Monster hits your wolf spider!!
Cigotuvi's Monster tramples your wolf spider!
Your wolf spider holds its ground!
Cigotuvi's Monster stings your wolf spider!!
Your wolf spider dies!
Your wolf spider's corpse disappears in a puff of smoke!
You die...
Pakellas says: Time to start the next experiment...

...#...#..### ##'#####.##
...#...#.#### #...#....#
.####'####..# ##...:....#
##o#ss.##.§§§ #...##..:.#
..p#...#u§§§. #..####..##
...#...#uuu§§ #..# ####
...#...##u§§. #..#
#####'####.§# ##'###...
..##...######. #@§s......
..u#...#u..... #.H.......
...#...#...... #.........
#..#...#.....# ..........
#####'###...###.....#....
#∩# #### ###.####??| ###
### ###


You could see Cigotuvi's Monster (unaware) and a friendly redback.

Vanquished Creatures
  Gastronok (Lair:2)
  3 ghost moths
  An orc warlord (Orc:2)
  Maud (Lair:5)
  An emperor scorpion (Spider:4)
  A spark wasp (Spider:3)
  Azrael (Spider:2)
  Snorg (Lair:6)
  A minotaur (Lab)
  Josephine (Lair:5)
  2 entropy weavers
  Fannar (Lair:2)
  8 hydras
  Harold (Lair:1)
  Erica (D:10)
  2 dancing weapons (Elf:1)
  3 orc high priests
  An iron golem (WizLab)
  Sonja (Lair:4)
  Urug (D:10)
  4 deep elf knights (Elf:1)
  2 deep elf archers (Elf:1)
  4 large abominations (WizLab)
  Pikel (D:4)
  An orc knight (Orc:2)
  3 griffons
  13 wolf spiders
  2 hornets
  5 orc sorcerers
  14 deep elf magi (Elf:1)
  13 orb spiders
  4 ugly things
  A moth of wrath (Spider:4)
  3 black mambas
  3 elephants (Lair:7)
  Joseph (Lair:1)
  21 spiny frogs
  4 torpor snails
  A komodo dragon (shapeshifter) (WizLab)
  A kobold demonologist (D:11)
  13 rime drakes
  13 demonic crawlers
  9 komodo dragons
  A polar bear (shapeshifter) (WizLab)
  3 trolls
  33 jumping spiders
  A queen bee (Lair:3)
  28 blink frogs
  A boulder beetle (Spider:3)
  2 giant leeches (Lair:8)
  2 polar bears
  A snapping turtle (Lair:6)
  An air elemental (Elf:1)
  72 redbacks
  21 tarantellas
  A water elemental (D:11)
  7 wraiths
  A golden eye (Lair:7)
  3 fire elementals (Spider:2)
  A human (shapeshifter) (WizLab)
  8 wyverns
  45 yaks
  19 hippogriffs
  2 hungry ghosts
  10 basilisks
  6 vampire mosquitoes
  A mottled dragon (D:8)
  19 water moccasins
  Duvessa (D:5)
  12 porcupines
  Purgy (Sewer)
  4 hell hounds
  33 orc warriors
  3 sky beasts
  A slave (D:4)
  A black bear (Lair:6)
  4 wasps
  8 ogres
  An ice beast (D:9)
  3 phantoms
  6 wolves
  4 necrophages (D:6)
  3 centaurs
  17 crocodiles
  6 small abominations (WizLab)
  2 big kobolds (D:11)
  An elf zombie (D:8)
  38 giant frogs
  A wyvern zombie (D:8)
  Dowan (D:5)
  3 scorpions
  28 killer bees
  11 wights
  6 electric eels
  A howler monkey (D:8)
  A crimson imp (D:8)
  A giant frog zombie (D:8)
  A human zombie (D:8)
  A wasp zombie (D:6)
  2 centaur zombies
  A centaur skeleton (D:4)
  A gnoll shaman (D:5)
  5 hounds
  3 jellies
  19 orc priests
  2 human skeletons (D:8)
  Jessica (D:2)
  3 giant frog skeletons
  13 iguanas
  26 orc wizards
  8 worker ants
  27 sheep
  4 hound zombies
  A hound skeleton (D:5)
  A mummy (Ossuary)
  2 worker ant zombies
  10 gnolls
  12 adders
  53 river rats
  A shadow imp (D:9)
  5 oozes
  An adder skeleton (D:4)
  2 adder zombies
  4 worms
  2 dart slugs (D:1)
  5 giant geckos
  99 orcs
  7 bats
  5 giant cockroaches
  7 goblins
  8 hobgoblins
  17 jackals
  5 quokkas
  6 ball pythons
  A giant gecko zombie (D:6)
  6 giant newts
  A gnoll skeleton (Ossuary)
  14 kobolds
  11 kobold skeletons (Ossuary)
  14 orc skeletons
  An orc zombie (D:8)
  3 quokka skeletons
  14 rats
  A bush (D:6)
1096 creatures vanquished.

Vanquished Creatures (collateral kills)
  3 emperor scorpions (Spider:4)
  A very ugly thing (WizLab)
  A deep elf demonologist (Elf:1)
  A deep elf high priest (Elf:1)
  A dancing weapon (Elf:1)
  A deep elf archer (Elf:1)
  A large abomination (WizLab)
  A wolf spider (Spider:4)
  7 deep elf magi (Elf:1)
  2 orb spiders (Spider:4)
  A hornet (Spider:4)
  A griffon (Lair:6)
  2 rime drakes
  A spiny frog (Lair:8)
  3 blink frogs (Lair:8)
  2 basilisks (Lair:6)
  A hippogriff (Lair:6)
  An ogre (Orc:2)
  A giant frog (Lair:8)
  A scorpion (D:7)
  A wight (D:3)
  2 orc wizards
  4 sheep (Lair:6)
  3 orcs (Orc:2)
43 creatures vanquished.

Vanquished Creatures (others)
  A yak (D:10)
  2 wargs (Orc:2)
  An orc warrior (Orc:2)
  A large abomination (WizLab)
  A phantom (D:4)
  A crocodile (Lair:7)
  A giant frog (D:4)
  2 wights (D:3)
  An orc priest (Orc:2)
  A gnoll (D:5)
  An adder (D:4)
  2 orcs
  A jackal skeleton (D:4)
  A butterfly (Lair:7)
  32 fungi
  16 plants
65 creatures vanquished.

Grand Total: 1204 creatures vanquished

Notes
Turn   | Place    | Note
--------------------------------------------------------------
     0 | D:1      | SlimShady the Spriggan Artificer began the quest for the Orb.
     0 | D:1      | Reached XP level 1. HP: 9/9 MP: 4/4
    73 | D:1      | Reached skill level 1 in Fighting
   285 | D:1      | Reached XP level 2. HP: 11/14 MP: 6/6
  1231 | D:2      | Reached XP level 3. HP: 18/18 MP: 7/7
  1416 | D:2      | Found a deep blue altar of Sif Muna.
  1470 | D:2      | Reached skill level 4 in Dodging
  2379 | D:2      | Reached XP level 4. HP: 13/22 MP: 8/8
  2544 | D:2      | Found a glowing silver altar of Zin.
  2565 | D:2      | Noticed Jessica
  2582 | D:2      | Killed Jessica
  2582 | D:2      | Reached skill level 5 in Dodging
  2582 | D:2      | Reached skill level 5 in Evocations
  3217 | D:3      | Found a shimmering altar of Xom.
  3278 | D:3      | Reached XP level 5. HP: 18/25 MP: 9/9
  3689 | D:3      | Reached skill level 6 in Dodging
  4008 | D:3      | Reached XP level 6. HP: 18/30 MP: 11/11
  4134 | D:2      | Found a snail-covered altar of Cheibriados.
  5187 | D:4      | Reached skill level 5 in Stealth
  5404 | D:4      | Noticed a slave
  5418 | D:4      | Noticed a slave
  5420 | D:4      | Noticed Pikel
  5422 | D:4      | Noticed a slave
  5432 | D:4      | Killed Pikel
  5432 | D:4      | Reached skill level 8 in Dodging
  5432 | D:4      | Reached XP level 7. HP: 22/33 MP: 12/12
  5519 | D:4      | Found a stormy altar of Qazlal.
  5555 | D:4      | Found a shattered altar of Ashenzari.
  5584 | D:4      | Learned a level 1 spell: Sting
  5820 | D:4      | Found a basalt altar of Yredelemnul.
  6249 | D:5      | Entered Level 5 of the Dungeon
  6270 | D:5      | Reached XP level 8. HP: 37/37 MP: 13/13
  6714 | D:6      | Reached skill level 9 in Dodging
  7020 | D:5      | Found a glowing drain.
  7024 | Sewer    | Entered a sewer
  7084 | Sewer    | Noticed Purgy
  7086 | Sewer    | Killed Purgy
  7255 | D:5      | Noticed Duvessa
  7255 | D:5      | Noticed Dowan
  7288 | D:5      | Killed Duvessa
  7288 | D:5      | Reached skill level 10 in Dodging
  7288 | D:5      | Reached skill level 10 in Stealth
  7311 | D:5      | Killed Dowan
  7576 | D:5      | Found a staircase to the Ecumenical Temple.
  7584 | Temple   | Entered the Ecumenical Temple
  7592 | Temple   | Became a worshipper of Pakellas the Inventive
  7750 | D:5      | Got a brightly glowing leather armour
  8617 | D:6      | Found a sacrificial altar of Ru.
  8736 | D:6      | Found a white marble altar of Elyvilon.
  8962 | D:6      | Reached XP level 9. HP: 41/41 MP: 15/15
  9038 | D:6      | Reached * piety under Pakellas
  9621 | D:6      | Found Feqegam's Distillery.
  9699 | D:6      | Found a blossoming altar of Fedhas.
  9770 | D:6      | Reached skill level 11 in Dodging
 10526 | D:7      | Found a radiant altar of Vehumet.
 10643 | D:7      | Reached skill level 1 in Armour
 11084 | D:7      | Reached skill level 5 in Short Blades
 11840 | D:8      | Found an iron altar of Okawaru.
 11868 | D:8      | Found a sparkling altar of Nemelex Xobeh.
 11878 | D:8      | Found a radiant altar of Vehumet.
 12156 | D:7      | Reached ** piety under Pakellas
 12156 | D:7      | Received a gift from Pakellas
 12515 | D:8      | Reached XP level 10. HP: 38/43 MP: 7/16
 12533 | D:8      | Found a sand-covered staircase.
 12545 | Ossuary  | Entered an ossuary
 12830 | Ossuary  | Learned a level 2 spell: Cure Poison
 12951 | D:8      | Reached *** piety under Pakellas
 13220 | D:8      | Found Qeg Vyf's Book Emporium.
 13677 | D:8      | Found a staircase to the Lair.
 14140 | D:8      | Reached skill level 15 in Stealth
 14731 | D:9      | Reached **** piety under Pakellas
 14731 | D:9      | Received a gift from Pakellas
 14731 | D:9      | Reached skill level 12 in Dodging
 14956 | D:9      | Found a burning altar of Makhleb.
 15080 | D:9      | Found a staircase to the Orcish Mines.
 15180 | D:9      | Got a bloodstained robe
 15191 | D:9      | Identified the +2 robe of the Fiend {Str+7 SInv} (You found it on level 9 of the Dungeon)
 15241 | D:9      | Found Uthessin's Magic Scroll Emporium.
 15347 | D:9      | Bought a scroll of enchant weapon for 105 gold pieces
 15347 | D:9      | Bought a scroll of identify for 28 gold pieces
 15347 | D:9      | Bought a scroll of enchant weapon for 105 gold pieces
 15643 | D:10     | Entered Level 10 of the Dungeon
 15662 | D:10     | Noticed Urug
 15667 | D:10     | Killed Urug
 15809 | D:10     | Reached XP level 11. HP: 46/48 MP: 17/17
 16031 | D:10     | Noticed Erica
 16037 | D:10     | Killed Erica
 16037 | D:10     | Reached skill level 13 in Dodging
 17153 | D:11     | Noticed a white ugly thing
 17160 | D:11     | Killed a white ugly thing
 17421 | D:11     | Noticed a soul eater
 17848 | D:11     | Reached ***** piety under Pakellas
 17853 | D:11     | Reached skill level 14 in Dodging
 18654 | Orc:1    | Entered Level 1 of the Orcish Mines
 18660 | Orc:1    | Noticed an orc high priest
 18676 | Orc:1    | Killed an orc high priest
 18897 | Orc:2    | Entered Level 2 of the Orcish Mines
 18905 | Orc:2    | Found a roughly hewn altar of Beogh.
 19155 | Orc:2    | Found a roughly hewn altar of Beogh.
 19284 | Orc:2    | Noticed an orc high priest
 19284 | Orc:2    | Noticed an orc sorcerer
 19356 | Orc:2    | Reached XP level 12. HP: 25/54 MP: 19/19
 19537 | Orc:2    | Found a radiant altar of Vehumet.
 19561 | Orc:2    | Killed an orc high priest
 19807 | Orc:2    | Found a staircase to the Elven Halls.
 19840 | Orc:2    | Reached skill level 15 in Dodging
 19850 | Orc:2    | Found a roughly hewn altar of Beogh.
 20132 | Orc:2    | Found Miorar's Magic Scroll Shoppe.
 20137 | Orc:2    | Bought a scroll of enchant weapon for 82 gold pieces
 20137 | Orc:2    | Bought a scroll of enchant weapon for 82 gold pieces
 20137 | Orc:2    | Bought a scroll of enchant armour for 82 gold pieces
 20137 | Orc:2    | Bought a scroll of identify for 22 gold pieces
 20444 | Orc:2    | Found a roughly hewn altar of Beogh.
 20515 | Orc:2    | Noticed an orc high priest
 20527 | Orc:2    | Killed an orc high priest
 20620 | Orc:2    | Noticed an orc warlord
 20730 | Orc:2    | Found Gingepsun's General Store.
 20768 | Orc:2    | Killed an orc warlord
 20974 | Orc:2    | Reached skill level 16 in Dodging
 20995 | Orc:2    | Found Nufusch's Antique Weapon Shoppe.
 20996 | Orc:2    | Found a roughly hewn altar of Beogh.
 20998 | Orc:2    | Found Neicruo's Antique Armour Emporium.
 21267 | Orc:2    | Bought 3 scrolls of identify for 96 gold pieces
 21271 | Orc:2    | Gained mutation: Your flesh is heat resistant. [potion of mutation]
 21271 | Orc:2    | Gained mutation: You are surrounded by a mild repulsion field (EV +2). [potion of mutation]
 21271 | Orc:2    | Gained mutation: You evolve. [potion of mutation]
 21425 | Orc:2    | Reached ****** piety under Pakellas
 21431 | Orc:2    | Found a roughly hewn altar of Beogh.
 21434 | Orc:2    | Found Rocs's Antique Armour Emporium.
 21436 | Orc:2    | Reached skill level 10 in Evocations
 21483 | Orc:2    | Bought a runed cloak for 144 gold pieces
 21600 | Orc:2    | Found a roughly hewn altar of Beogh.
 21606 | Orc:2    | Received a gift from Pakellas
 22175 | D:8      | Gained mutation: You are resistant to electric shocks. [evolution]
 22246 | Lair:1   | Entered Level 1 of the Lair of Beasts
 22341 | Lair:1   | Noticed Harold
 22352 | Lair:1   | Killed Harold
 22470 | Lair:1   | Noticed Joseph
 22487 | Lair:1   | Killed Joseph
 22716 | Lair:1   | Found a labyrinth entrance.
 22735 | Lab      | Entered a labyrinth
 24828 | Lab      | Noticed a minotaur
 24861 | Lab      | Identified a supercharged wand of disintegration (36/36) (supercharged by Pakellas)
 24883 | Lab      | Killed a minotaur
 24931 | Lab      | Gained mutation: You possess an exceptional clarity of mind. [potion of beneficial mutation]
 24932 | Lab      | Gained mutation: You have an increased reservoir of magic (+10% MP). [potion of beneficial mutation]
 24952 | Lab      | Got a steaming mace
 24959 | Lab      | Identified the cursed +1 mace "Beagrel" {drain, rF- rN+ Dex+4} (You found it in a labyrinth)
 25358 | Lair:2   | Gained mutation: Your muscles are strong. (Str +2) [evolution]
 25452 | Lair:2   | Learned a level 2 spell: Cure Poison
 25490 | Lair:2   | Noticed Fannar
 25824 | Lair:2   | Killed Fannar
 25824 | Lair:2   | Reached XP level 13. HP: 34/61 MP: 23/23
 26128 | Lair:2   | Noticed Gastronok
 26129 | Lair:2   | Killed Gastronok
 26129 | Lair:2   | Reached skill level 17 in Dodging
 28270 | Lair:4   | Found a hole to the Spider Nest.
 28299 | Lair:4   | Reached skill level 18 in Dodging
 28581 | Lair:4   | Noticed Sonja
 28589 | Lair:4   | Killed Sonja
 29709 | Lair:5   | Noticed Josephine
 29785 | Lair:5   | Killed Josephine
 29855 | Lair:5   | HP: 3/63 [rime drake/flash freeze (23)]
 30574 | Lair:5   | Reached skill level 5 in Fighting
 30574 | Lair:5   | Reached XP level 14. HP: 21/68 MP: 25/25
 30710 | Lair:5   | Reached skill level 19 in Dodging
 30751 | Lair:5   | Reached skill level 10 in Short Blades
 31140 | Lair:5   | Noticed Maud
 31158 | Lair:5   | Killed Maud
 31622 | Lair:5   | Received a gift from Pakellas
 32282 | Lair:6   | Lost mutation: You evolve. [evolution]
 33416 | Lair:7   | Found a staircase to the Slime Pits.
 34677 | Lair:6   | Noticed Snorg
 34693 | Lair:6   | Reached skill level 20 in Dodging
 34722 | Lair:6   | Killed Snorg
 35168 | Lair:6   | Reached XP level 15. HP: 73/73 MP: 25/28
 35216 | Lair:6   | Reached XP level 16. HP: 77/77 MP: 27/30
 36082 | Lair:6   | Found a staircase to the Shoals.
 36375 | Lair:8   | Entered Level 8 of the Lair of Beasts
 38176 | Lair:8   | Reached skill level 21 in Dodging
 38346 | Slime:1  | Entered Level 1 of the Pits of Slime
 38450 | Spider:1 | Entered Level 1 of the Spider Nest
 38504 | Spider:1 | Reached XP level 17. HP: 83/83 MP: 7/31
 39517 | Spider:1 | Received a gift from Pakellas
 39827 | Spider:2 | Noticed Azrael
 39873 | Spider:2 | Killed Azrael
 41477 | Spider:3 | Reached skill level 22 in Dodging
 42342 | Spider:3 | Reached skill level 15 in Evocations
 42881 | Spider:4 | Entered Level 4 of the Spider Nest
 44142 | Spider:4 | Got a gossamer rune of Zot
 44884 | Elf:1    | Entered Level 1 of the Elven Halls
 45000 | Elf:1    | Reached skill level 10 in Fighting
 45000 | Elf:1    | Reached XP level 18. HP: 56/93 MP: 10/34
 45025 | Elf:1    | Received a gift from Pakellas
 45803 | Elf:1    | Found a magical portal.
 45806 | WizLab   | Entered Cigotuvi's Fleshworks
 45886 | WizLab   | Gained mutation: Armour fits poorly on your strangely shaped body. [mutagenic glow]
 45924 | WizLab   | Gained mutation: Potions and wands are less effective at restoring your health. [mutagenic glow]
 45927 | WizLab   | Lost mutation: Your muscles are strong. (Str +2) [potion of cure mutation]
 45927 | WizLab   | Lost mutation: You possess an exceptional clarity of mind. [potion of cure mutation]
 45927 | WizLab   | Lost mutation: Potions and wands are less effective at restoring your health. [potion of cure mutation]
 45963 | WizLab   | Lost mutation: You have an increased reservoir of magic (+10% MP). [mutagenic glow]
 46057 | WizLab   | Gained mutation: Your body sometimes deteriorates upon taking damage. [mutagenic glow]
 46080 | WizLab   | Identified Cigotuvi's Incunabulum of Shifting Black Arts
 46082 | WizLab   | Identified Reruef's Grimoire of Changing
 46090 | WizLab   | Gained mutation: Your spells are a little easier to cast, but a little less powerful. [mutagenic glow]
 46112 | WizLab   | Demolished by Cigotuvi's Monster

Vault maps used:
D:1:      onia_arrival_handbag
D:2:      zin_statuary, nicolae_overflow_hidden_temple, led_sif_pool,
          first_bread, hex_medium, uniq_jessica
D:3:      lemuel_doored_altar
D:4:      kennysheep_mini_moat, grunt_temple_overflow_open, uniq_pikel
D:5:      minmay_temple_entry_statues_pillars, portal_sewer_entry_e,
          uniq_duvessa
D:6:      kennysheep_little_box, fedhas_altar_decomposition, kennysheep_mini,
          serial_shops, shop
D:7:      lemuel_crystal_altar, grunt_ogre_cave
D:8:      nemelex_xobeh_ov_fountains_minmay, okawaru_gym_becter,
          erik_lair_dragon, serial_shops, nicolae_shop_behind_doors,
          nicolae_ossuary_entry_catacombs, basic_altar
D:9:      old_standard_altar, orc_0_dummy, serial_shops,
          nicolae_shop_temple_entry_statues_fountains
D:10:     uniq_urug, uniq_erica
D:11:     hive_lemuel
Temple:   nicolae_temple_no_exploring_needed
Lair:1:   lab_entry_generic, lemuel_fruit_fields, uniq_harold, uniq_joseph
Lair:2:   uniq_gastronok, uniq_fannar
Lair:3:   special_room, grunt_megastairs_3, serial_bayou_shore_a,
          lemuel_fruit_tree
Lair:4:   spider_nest_entry_web_field, uniq_sonja
Lair:5:   lightli_volcano_entry_magma_tube, special_room, uniq_josephine,
          uniq_maud
Lair:6:   minmay_shoals_entry_hut, special_room, grunt_forest_large_clearings,
          uniq_snorg
Lair:7:   nicolae_slime_entry_slimehenge, lemuel_fruit_fields,
          grunt_megastairs_1
Lair:8:   minmay_lair_end_frog_pond, nicolae_lair_grove_arrangements
Spider:2: uniq_azrael
Spider:3: spider_trap
Spider:4: spider_rune_water
Orc:2:    grunt_orc_community_town_hall, grunt_orc_community_big_house_2,
          grunt_orc_community_big_house_2, grunt_orc_community_house_3,
          grunt_orc_community_house_3, grunt_orc_community_house_1,
          grunt_orc_community_house_2, grunt_orc_community_house_3,
          serial_shops, nicolae_shop_trees, basic_altar
Elf:1:    hangedman_staggered_hall, mu_enter_wizlab_7, hangedman_elf_represent
Lab:      labyrinth_mini_lab
Sewer:    kennysheep_door_sewer
Ossuary:  ossuary_due_mausoleum
WizLab:   wizlab_cigotuvi

Skill      XL: |  1  2  3  4  5  6  7  8  9 10 11 12 13 14 15 16 17 18 |
---------------+-------------------------------------------------------+-----
Fighting       | 1 3 5 6 10 | 10.4
Stealth        | 2 3 4 7 8 11 13 16 18 19 20 21 | 21.1
Dodging        | 4 5 6 8 10 11 12 14 16 18 20 21 22 | 22.2
Evocations     | 5 6 7 8 10 13 14 16 17 | 17.4
Short Blades   | 2 3 4 5 7 8 9 10 11 12 | 12.8
Armour         | 2 |  2.0
Maces & Flails | |  0.8

Action                   |  1- 3 |  4- 6 |  7- 9 | 10-12 | 13-15 | 16-18 || total
-------------------------+-------+-------+-------+-------+-------+-------++-------
Melee: Short sword       |   177 |    25 |       |       |       |       ||   202
       Dagger            |       |   156 |   567 |  1023 |  1151 |  1562 ||  4459
       Mace              |       |       |       |    41 |       |       ||    41
Invok: Quick Charge      |       |       |     5 |     7 |       |    19 ||    31
       Device Surge      |       |       |       |     1 |       |     3 ||     4
       Supercharge       |       |       |       |     1 |       |       ||     1
Evoke: Wand              |     6 |    34 |    16 |    96 |    45 |    73 ||   270
       Box of beasts     |       |       |       |       |     2 |     8 ||    10
       Sack of spiders   |       |       |       |       |       |     6 ||     6
       Phantom mirror    |       |       |       |       |       |     1 ||     1
  Use: Potion            |       |     3 |       |    13 |     4 |     5 ||    25
       Scroll            |       |     3 |     7 |    37 |     4 |    12 ||    63
 Stab: Sleeping          |     5 |     2 |    30 |    73 |    45 |    54 ||   209
       Paralysed         |       |     5 |     7 |    18 |     2 |       ||    32
       Distracted        |       |     1 |     4 |     9 |    11 |    17 ||    42
       Held in net/web   |       |       |       |       |       |     3 ||     3
  Eat: Bread ration      |       |     1 |     1 |     1 |     2 |     1 ||     6
       Pizza             |       |       |     1 |     2 |     1 |       ||     4
       Fruit             |       |       |     2 |       |       |     1 ||     3
       Royal jelly       |       |       |     1 |     1 |       |     3 ||     5
